 Dungeon Crawl Stone Soup version 0.29.0-11-gd7f09526c8 (webtiles) character file.

Game seed: 1637977329979329745

4382 NinjaNoafa the Arsonist (level 10, -7/69 HPs)
             Began as a Pale Draconian Fire Elementalist on Sept 6, 2022.
             Was a Follower of Sif Muna.
             Mangled by a fire dragon (8 damage)
             ... on level 9 of the Dungeon.
             The game lasted 00:29:44 (11514 turns).

NinjaNoafa the Arsonist (DrFE)                     Turns: 11514, Time: 00:29:46

Health: -7/69      AC: 11    Str: 11    XL:     10   Next: 13%
Magic:  28/29      EV: 12    Int: 20    God:    Sif Muna [*.....]
Gold:   372        SH:  0    Dex: 11    Spells: 8/23 levels left

rFire   + . .      SeeInvis .   b - +3 hand axe (chaos)
rCold   . . .      Faith    .   (no shield)
rNeg    . . .      Spirit   .   (body armour unavailable)
rPois   .          Reflect  .   (helmet restricted)
rElec   .          Harm     .   k - scarf {+Inv}
rCorr   .          Rampage  .   w - +2 pair of gloves
Will    .....                   o - +0 pair of boots
Stlth   ++........              e - amulet of the acrobat
HPRegen 0.21/turn               j - ring of magical power
MPRegen 0.21/turn               y - ring of protection from fire

@: about to teleport
A: breathe steam, AC +7, unfitting armour, cold-blooded, steam resistance,
passive freeze
a: Breathe Steam, Renounce Religion, Evoke Invisibility, Channel Magic


You were on level 9 of the Dungeon.
You worshipped Sif Muna.
Sif Muna was aware of your devotion.
You visited 2 branches of the dungeon, and saw 10 of its levels.
You also visited: Sewer.

You collected 372 gold pieces.

Inventory:

Hand Weapons
 b - a +3 hand axe of chaos (weapon)
Missiles
 f - 131 stones
 m - 29 poisoned darts
 p - 10 boomerangs
Armour
 k - a scarf of invisibility (worn)
 o - a +0 pair of boots (worn)
 w - a +2 pair of gloves (worn)
Jewellery
 e - an amulet of the acrobat (around neck)
 j - a ring of magical power (left hand)
 q - a ring of see invisible
 y - a ring of protection from fire (right hand)
Wands
 h - a wand of quicksilver (6)
 x - a wand of polymorph (4)
 z - a wand of digging (3)
 A - a wand of roots (13)
 D - a wand of flame (23)
Scrolls
 a - a scroll of summoning
 i - 3 scrolls of immolation
 l - 2 scrolls of fog
 r - 2 scrolls of poison
 s - a scroll of amnesia
 t - a scroll of blinking
 u - a scroll of vulnerability
 v - 2 scrolls of identify
Potions
 c - 9 potions of curing
 d - a potion of heal wounds
 g - 6 potions of flight
 n - 2 potions of attraction
 C - a potion of magic


   Skills:
 - Level 1.7 Dodging
 - Level 1.7 Stealth
 - Level 7.0 Spellcasting
 - Level 7.0 Conjurations
 - Level 7.0 Hexes
 - Level 9.0 Fire Magic
 + Level 0.2 Invocations
 + Level 0.2 Evocations


You had 8 spell levels left.
You knew the following spells:

 Your Spells              Type           Power      Damage    Failure   Level
a - Foxfire               Conj/Fire      100%       2x1d9     1%          1
b - Scorch                Fire           86%        2d9       1%          2
c - Conjure Flame         Conj/Fire      39%        6-21      1%          3
d - Inner Flame           Hex/Fire       39%        N/A       1%          3
e - Ensorcelled Hibernat  Hex/Ice        42%        N/A       3%          2
f - Flame Wave            Conj/Fire      39%        2d11      3%          4

Your spell library contained the following spells:

 Spells                   Type           Power      Damage    Failure   Level
 Passwall                 Tmut/Erth      5%         N/A       14%         2
 Anguish                  Hex/Necr       10%        N/A       22%         4
 Gell's Gravitas          Tloc           7%         N/A       28%         3
 Spider Form              Tmut/Pois      7%         N/A       28%         3
 Swiftness                Air            7%         N/A       28%         3
 Teleport Other           Tloc           7%         N/A       28%         3
 Dispersal                Tloc           3%         N/A       100%        6


Dungeon Overview and Level Annotations

Branches:
Dungeon (9/15)             Temple (1/1) D:7           Sewer (visited)
   Lair: D:8-11         Orc: D:9-12

Altars:
Cheibriados
Dithmenos
Elyvilon
Fedhas
Gozag
Hepliaklqana
Kikubaaqudgha
Makhleb
Nemelex Xobeh
Okawaru
Qazlal
Ru
Sif Muna
Uskayaw
Xom
Yredelemnul
Zin
The Shining One


Innate Abilities, Weirdness & Mutations

You can breathe blasts of scalding, opaque steam.
Your pale cyan-grey scales are hard. (AC +7)
You cannot fit into any form of body armour.
You are cold-blooded and may be slowed by cold attacks.
You are immune to the effects of steam.
A frigid envelope surrounds you and freezes all who hurt you.


Message History

The boulder beetle is very cold.
The boulder beetle is lightly wounded.
The boulder beetle stops rolling and uncurls.
You feel much better. The boulder beetle closely misses you.
Okay, then.
As you read the scroll of teleportation, it crumbles to dust.
You feel strangely unstable. The boulder beetle misses you.
The troll attacks as you move away! The troll bites you!
* * * LOW HITPOINT WARNING * * *
The troll is very cold.
The troll is moderately wounded.
The troll barely misses you. The troll misses you.
The boulder beetle leaps!
You hit the troll. You burn the troll.
The troll is moderately wounded.
The troll bites you.
* * * LOW HITPOINT WARNING * * *
The troll is very cold.
The troll is heavily wounded.
The troll misses you. The troll claws you.
* * * LOW HITPOINT WARNING * * *
The troll is very cold.
The troll is heavily wounded.
The troll bites you but does no damage.
The troll is very cold.
The troll is severely wounded.
The troll claws you.
* * * LOW HITPOINT WARNING * * *
The troll is very cold.
You kill the troll!
Sif Muna accepts your kill.
The troll leather armour is intact enough to wear.
Training target 7.0 for Hexes reached!
Your Hexes skill increases to level 7!
You need to enable at least one skill for training.
The fire dragon attacks as you move away!
The fire dragon bites you!
* * * LOW HITPOINT WARNING * * *
The fire dragon is frozen!
The fire dragon is very cold.
The fire dragon is lightly wounded.
The fire dragon closely misses you. The fire dragon tramples you!
You die...

#.#.......).#
#
.##..#.#####
.###...#.#
#.(#......#
#....°...#
##.###D#.# #.
#°.#.#
#.##.##.#
#.@D....#
####.#.##
.###.# # ##


You could see a fire dragon.

Vanquished Creatures
  Pikel (D:6)
  A troll (D:9)
  3 yaks (D:8)
  A vampire mosquito (D:9)
  Menkaure (D:6)
  Duvessa (D:4)
  3 ice beasts
  3 orc warriors (D:7)
  3 ogres
  A centaur (D:9)
  2 lemures (D:6)
  3 kobold brigands
  3 bullfrogs (D:7)
  A necrophage (D:7)
  3 scorpions
  4 wights (D:8)
  Dowan (D:4)
  A howler monkey (D:9)
  3 gnoll boudas
  2 jellies (D:5)
  2 orc priests
  5 hounds
  An iguana (D:5)
  10 orc wizards
  Natasha (twice) (D:3)
  14 gnolls
  A river rat (Sewer)
  10 adders
  3 white imps
  An ufetubus (D:4)
  A worm (D:2)
  3 dart slugs
  28 orcs
  11 endoplasms
  5 giant cockroaches
  7 goblins
  4 hobgoblins
  8 jackals
  18 kobolds
  4 ball pythons
  12 bats
  2 frilled lizards
  11 rats
204 creatures vanquished.

Vanquished Creatures (collateral kills)
  2 foxfires
2 creatures vanquished.

Vanquished Creatures (others)
  387 foxfires
387 creatures vanquished.

Grand Total: 593 creatures vanquished

Notes
Turn   | Place    | Note
-------+----------+-------------------------------------------
     0 | D:1      | NinjaNoafa the Draconian Fire Elementalist began the quest
                  | for the Orb.
     0 | D:1      | Reached XP level 1. HP: 14/14 MP: 3/3
   284 | D:1      | Reached XP level 2. HP: 20/20 MP: 3/5
  1260 | D:1      | Reached XP level 3. HP: 26/26 MP: 4/6
  1694 | D:2      | Reached skill level 4 in Fire Magic
  2289 | D:2      | Reached XP level 4. HP: 24/33 MP: 0/7
  2452 | D:2      | Found a faded altar of an unknown god.
  2991 | D:3      | Learned a level 2 spell: Scorch
  3697 | D:3      | Reached skill level 5 in Fire Magic
  3697 | D:3      | Reached XP level 5. HP: 38/38 MP: 1/8
  3970 | D:3      | Noticed Natasha
  3984 | D:3      | Killed Natasha
  4178 | D:3      | Noticed Natasha
  4194 | D:3      | Killed Natasha
  4659 | D:4      | Learned a level 3 spell: Conjure Flame
  4699 | D:4      | Found a white marble altar of Elyvilon.
  4708 | D:4      | Reached XP level 6. HP: 45/45 MP: 1/9
  4786 | D:4      | Noticed Duvessa
  4786 | D:4      | Noticed Dowan
  4803 | D:4      | Gained mutation: A frigid envelope surrounds you and
                  | freezes all who hurt you. [potion of mutation]
  4806 | D:4      | Killed Duvessa
  4807 | D:4      | Reached skill level 1 in Hexes
  4807 | D:4      | Reached skill level 6 in Fire Magic
  4809 | D:4      | Killed Dowan
  4810 | D:4      | Your scales start taking on a pale cyan-grey colour.
  4810 | D:4      | Reached skill level 7 in Fire Magic
  4810 | D:4      | Reached XP level 7. HP: 50/50 MP: 10/10
  4810 | D:4      | Gained mutation: You are immune to the effects of steam.
                  | [Pale Draconian growth]
  5412 | D:4      | Learned a level 3 spell: Inner Flame
  6157 | D:5      | Entered Level 5 of the Dungeon
  6168 | D:5      | Reached skill level 5 in Conjurations
  6502 | D:5      | Reached XP level 8. HP: 51/57 MP: 5/11
  6593 | D:5      | Reached skill level 5 in Hexes
  7175 | D:6      | Found a shadowy altar of Dithmenos.
  7175 | D:6      | Found a sacrificial altar of Ru.
  7193 | D:6      | Noticed Pikel
  7200 | D:6      | Killed Pikel
  7201 | D:6      | Reached skill level 5 in Spellcasting
  7253 | D:6      | Noticed Menkaure
  7257 | D:6      | Killed Menkaure
  7525 | D:6      | Found a glowing drain.
  7535 | Sewer    | Entered a sewer
  7624 | Sewer    | Reached XP level 9. HP: 55/62 MP: 5/18
  7752 | Sewer    | Found a glowing silver altar of Zin.
  7966 | D:6      | Learned a level 2 spell: Ensorcelled Hibernation
  8832 | D:7      | Reached skill level 8 in Fire Magic
  8855 | D:7      | Found a staircase to the Ecumenical Temple.
  8949 | D:7      | Reached skill level 9 in Fire Magic
  9165 | Temple   | Entered the Ecumenical Temple
  9351 | Temple   | Became a worshipper of Sif Muna the Loreminder
 10182 | D:8      | Reached * piety under Sif Muna
 10825 | D:8      | Learned a level 4 spell: Flame Wave
 10834 | D:8      | Reached XP level 10. HP: 19/69 MP: 7/20
 11485 | D:9      | Noticed a boulder beetle
 11485 | D:9      | Noticed a fire dragon
 11514 | D:9      | HP: 1/69 [fire dragon (8)]
 11514 | D:9      | Mangled by a fire dragon

Illustrated notes

Levels and vault maps discovered:
D:1:      dpeg_arrival_tiny_k, layout_loops_ring
D:2:      layout_basic, shapermc_ecumenical_altar_pompeii, minivault_23,
          minmay_pentomino_u4
D:3:      layout_basic, uniq_natasha
D:4:      layout_gridville, mainiacjoe_overflow_cross_hatched,
          kennysheep_generic_room_9, uniq_duvessa
D:5:      layout_cave_pools
D:6:      layout_loops_ring, nicolae_overflow_two_pavilions,
          cheibrodos_sewer_entry_sluice, uniq_pikel, uniq_menkaure
D:7:      layout_rooms, temple_pool_b
D:8:      layout_gridville
D:9:      layout_loops_cross, nicolae_ashenzari_skybound, serial_shops,
          nicolae_shop_waterfront, minmay_fractal_squares_gapless_7
Temple:   regret_index_temple_waves

Skill      XL: |  1  2  3  4  5  6  7  8  9 10 |
---------------+-------------------------------+-----
Conjurations   | 2 3 4 5 6 7 |  7.0
Fire Magic     | 4 5 7 9 |  9.0
Hexes          | 1 4 5 6 7 |  7.0
Spellcasting   | 6 7 |  7.0
Dodging        | |  1.7
Stealth        | |  1.7
Invocations    | |  0.2
Evocations     | |  0.2

Action                   |  1- 3 |  4- 6 |  7- 9 | 10-12 || total
-------------------------+-------+-------+-------+-------++-------
Melee: Hand axe          |    14 |    35 |    44 |     4 ||    97
       Tailslap          |       |     1 |     6 |       ||     7
       Punch             |       |       |     2 |       ||     2
 Cast: Foxfire           |    88 |    59 |   109 |     4 ||   260
       Scorch            |       |    20 |    38 |     2 ||    60
       Conjure Flame     |       |     2 |    14 |       ||    16
       Inner Flame       |       |       |    20 |       ||    20
       Ensorcelled Hiber |       |       |     9 |       ||     9
       Flame Wave        |       |       |     4 |       ||     4
 Abil: Breathe Steam     |       |       |    18 |       ||    18
  Use: Scroll            |       |    11 |    10 |     1 ||    22
       Potion            |       |     7 |     4 |     1 ||    12
Armor: Skin              |    15 |    45 |    45 |     3 ||   108
Dodge: Dodged            |    33 |    68 |   130 |    15 ||   246
